 Dungeon Crawl Stone Soup version 0.29.1-15-g9cfb28693d (webtiles) character file.

Game seed: 13775617555564535227

16 Eitelfritz the Sneak (level 2, 0/22 HPs)
             Began as a Demonspawn Brigand on Apr 25, 2023.
             Slain by a ball python (2 damage)
             ... on level 1 of the Dungeon.
             The game lasted 00:00:28 (170 turns).

Eitelfritz the Sneak (Demonspawn Brigand)            Turns: 170, Time: 00:00:29

Health: 0/22       AC:  3    Str: 17    XL:     2   Next: 37%
Magic:  2/2        EV:  8    Int: 12    God:
Gold:   22         SH:  0    Dex: 14    Spells: 1/1 levels left

rFire   . . .      SeeInvis .   a - +2 dagger
rCold   . . .      Faith    .   (no shield)
rNeg    . . .      Spirit   .   b - +0 robe
rPois   .          Reflect  .   (helmet restricted)
rElec   .          Harm     .   c - +0 cloak
rCorr   .          Rampage  .   (no gloves)
Will    .....                   (no boots)
Stlth   +++.......              (no amulet)
HPRegen 0.07/turn               f - +6 ring of strength
MPRegen 0.08/turn               (no ring)

@: constricted
A: antennae 1
a: no special abilities


You were on level 1 of the Dungeon.
You visited 1 branch of the dungeon, and saw 1 of its levels.

You collected 22 gold pieces.

Inventory:

Hand Weapons
 a - a +2 dagger (weapon)
Missiles
 d - 9 poisoned darts (quivered)
 e - 3 curare-tipped darts
Armour
 b - a +0 robe (worn)
 c - a +0 cloak (worn)
Jewellery
 f - a +6 ring of strength (left hand)


   Skills:
 + Level 2.1 Fighting
 + Level 1.8 Short Blades
 + Level 1.8 Throwing
 + Level 0.8 Dodging
 + Level 4.2 Stealth


You had one spell level left.
You didn't know any spells.
Your spell library was empty.

Dungeon Overview and Level Annotations

Branches:
Dungeon (1/15)

Altars:


Innate Abilities, Weirdness & Mutations

You have a pair of small antennae on your head.


Message History

Found a stone staircase leading down.
A gnoll comes into view. It is wielding a +0 club.
A ball python and a dart slug come into view.
An endoplasm comes into view.
The endoplasm quivers.
The helpless dart slug fails to defend itself.
You puncture the dart slug!
You kill the dart slug!
The ball python hisses angrily.
The gnoll shouts!
You hear a shout!
The gnoll attacks as you move away! The gnoll hits you but does no damage.
You hit the gnoll.
The gnoll is moderately wounded.
The gnoll hits you with a +0 club.
You hit the gnoll.
The gnoll is heavily wounded.
The gnoll hits you with a +0 club.
You hit the gnoll.
The gnoll is severely wounded.
The gnoll hits you with a +0 club.
The endoplasm jiggles.
You barely miss the gnoll.
The gnoll is severely wounded.
The gnoll hits you with a +0 club.
* * * LOW HITPOINT WARNING * * *
You hit the gnoll but do no damage.
The gnoll is severely wounded.
You hit the gnoll.
You kill the gnoll!
Your Stealth skill increases to level 4!
You have reached level 2!
Your demonic ancestry asserts itself...
A pair of antennae grows on your head!
You hit the ball python.
The ball python is severely wounded.
The ball python barely misses you. x2
You closely miss the ball python.
The ball python is severely wounded.
The ball python closely misses you. The ball python grabs you.
The ball python constricts you. The ball python bites you.
You die...

.#......#
........#####
######.#.....
###########.#.....
#.................
###.#########.#.....
..#.# #.###### .##.#
#####(##### .##@#
#.........# ##.##S#
#.........#
###..##J#
#.........#
##...###.###
#.........#
##..#.......#
#.........#
#.g#..#J....#
#.........#
.......#.....#
###########
..............#
#.?.#####.....#


You could see an endoplasm and a ball python.

Vanquished Creatures
  A gnoll (D:1)
  A dart slug (D:1)
  An endoplasm (D:1)
  A hobgoblin (D:1)
  A rat (D:1)
5 creatures vanquished.

Notes
Turn   | Place    | Note
-------+----------+-------------------------------------------
     0 | D:1      | Eitelfritz the Demonspawn Brigand began the quest for the
                  | Orb.
     0 | D:1      | Reached XP level 1. HP: 16/16 MP: 1/1
   169 | D:1      | Reached skill level 4 in Stealth
   169 | D:1      | Gained mutation: You have a pair of small antennae on your
                  | head. [demonic ancestry]
   169 | D:1      | Reached XP level 2. HP: 1/22 MP: 2/2
   170 | D:1      | Slain by a ball python

Illustrated notes

Levels and vault maps discovered:
D:1:      evilmike_arrival_rings, layout_rooms, minmay_distorted

Skill      XL: |  1 |
---------------+----+-----
Stealth        | 4 |  4.2
Fighting       | |  2.1
Short Blades   | |  1.8
Throwing       | |  1.8
Dodging        | |  0.8

Action                   || total
-------------------------++-------
Melee: Dagger            ||    12
 Stab: Sleeping          ||     4
Armor: Robe              ||     1
Dodge: Dodged            ||     3
